 Dungeon Crawl Stone Soup version 0.30.0-11-gf55b779eaf (webtiles) character file.

Game seed: 4252390499418105026

242 RascalDebosk the Shooter (level 5, -3/48 HPs)
             Began as an Armataur Hunter on May 16, 2023.
             Slain by an ogre
             ... wielding a +0 giant spiked club
              (26 damage)
             ... on level 4 of the Dungeon.
             The game lasted 00:15:44 (2735 turns).

RascalDebosk the Shooter (Armataur Hunter)          Turns: 2735, Time: 00:15:44

Health: -3/48      AC:  6    Str: 16    XL:     5   Next: 82%
Magic:  5/5        EV: 10    Int:  9    God:
Gold:   184        SH:  0    Dex: 16    Spells: 4/4 levels left

rFire   . . .        b - +0 shortbow
rCold   . . .        (shield currently unavailable)
rNeg    . . .        c - +0 leather armour
rPois   +            q - +2 hat
rElec   .            (no cloak)
rCorr   .            (no gloves)
SInv    .            (no barding)
Will    .....        (no amulet)
Stlth   ++           s - ring of poison resistance
HPRegen 0.28/turn    (no ring)
MPRegen 0.09/turn

%: roll
@: no status effects
A: large, rugged brown scales 3, deformed body, armoured tail, roll, long
tongue, awkward tongue
a: no special abilities


You were on level 4 of the Dungeon.
You visited 1 branch of the dungeon, and saw 4 of its levels.

You collected 184 gold pieces.

Inventory:

Hand Weapons
 b - a +0 shortbow (weapon)
Armour
 c - a +0 leather armour (worn)
 q - a +2 hat (worn)
Jewellery
 m - a ring of magical power
 s - a ring of poison resistance (left hand)
Scrolls
 a - a scroll of immolation
 d - a scroll of brand weapon {unknown}
 e - a scroll of butterflies
 f - a scroll of silence {unknown}
 h - a scroll of enchant armour {unknown}
 k - a scroll of amnesia {unknown}
 o - a scroll of poison {unknown}
 t - a scroll of teleportation
Potions
 g - a potion of flight
 i - 2 potions of cancellation {unknown}
 j - a potion of heal wounds
 l - a potion of brilliance {unknown}
 n - 2 potions of attraction
 p - a potion of curing {unknown}
 r - a potion of lignification {unknown}


   Skills:
 + Level 3.2 Fighting
 + Level 3.7 Ranged Weapons
 + Level 0.4 Armour
 - Level 2.4 Dodging
 + Level 3.5 Stealth


You had 4 spell levels left.
You didn't know any spells.
Your spell library contained the following spells:

 Spells                   Type           Power      Damage    Failure   Level
 Apportation              Tloc           0%         N/A       45%         1
 Alistair's Intoxication  Tmut/Pois      0%         N/A       100%        5


Dungeon Overview and Level Annotations

Branches:
Dungeon (4/15)
 Temple: D:4-7

Altars:


Innate Abilities, Weirdness & Mutations

You are completely covered in rugged brown scales. (AC +3, +7% HP)
Armour fits poorly on your strangely shaped body.
You have a long armoured tail.
You roll when moving toward enemies. (Rampage)
Your long tongue fully drains potion bottles. (2x potion effects)
Your tongue gives you trouble enunciating. (1.5x scroll delay)


Message History

The worm is almost dead.
The worm bites you.
You shoot an arrow. The arrow barely misses the worm.
The worm closely misses you.
You shoot an arrow. The arrow hits the worm!
You kill the worm!
An adder comes into view.
You shoot an arrow. The arrow completely misses the adder.
The adder hisses angrily.
You shoot an arrow. The arrow hits the adder.
The adder is moderately wounded.
You shoot an arrow. The arrow hits the adder.
The adder is severely wounded.
You shoot an arrow. The arrow hits the adder!
You kill the adder!
You see here an adder corpse.
Done exploring.
There is a stone staircase leading down here.
You climb downwards.
The kobold shouts!
There is a stone staircase leading up here.
You shoot an arrow. The arrow hits the kobold!
You kill the kobold!
Things that are here:
a +0 dagger; a kobold corpse A goblin comes into view.
It is wielding a +0 club.
You shoot an arrow. The arrow hits the goblin.
The goblin shouts!
The goblin is severely wounded.
You shoot an arrow. The arrow hits the goblin.
You kill the goblin!
s - a ring of poison resistance
s - a ring of poison resistance (left hand)
Found a rapier.
You see here a +0 rapier.
Found a stone staircase leading down.
There is a stone staircase leading down here.
An ogre comes into view. It is wielding a +0 giant spiked club.
You shoot an arrow. The arrow hits the ogre.
The ogre shouts!
The ogre is lightly wounded.
You hear a shout!
You shoot an arrow. The arrow hits the ogre.
The ogre is moderately wounded.
You shoot an arrow. The arrow barely misses the ogre.
A goblin comes into view. It is wielding a +0 club.
You shoot an arrow. The arrow hits the ogre.
The ogre is moderately wounded.
The ogre hits you with a +0 giant spiked club!!
Ouch! That really hurt!
* * * LOW HITPOINT WARNING * * *
You are too injured to fight recklessly!
You are too injured to fight recklessly!
You are too injured to fight recklessly!
You are too injured to fight recklessly!
There is a stone staircase leading down here.
You see here a +0 rapier.
Things that are here:
a +0 dagger; a kobold corpse
There is a stone staircase leading up here.
You climb upwards.
There is a stone staircase leading down here.
You start resting.
HP restored.
You climb downwards.
The ogre barely misses you.
There is a stone staircase leading up here.
You shoot an arrow. The arrow hits the ogre.
The ogre is lightly wounded.
The ogre barely misses you.
You shoot an arrow. The arrow hits the ogre.
The ogre is moderately wounded.
The goblin closely misses you.
The ogre hits you with a +0 giant spiked club!!
Ouch! That really hurt!
* * * LOW HITPOINT WARNING * * *
The goblin closely misses you.
You are too injured to fight recklessly!
Fire: b) +0 shortbow
Press: ? - help, Q - select action Shift-Dir - straight line, f/p - ogre
Aim: an ogre, wielding a +0 giant spiked club (moderately wounded, 76% to hit)
You shoot an arrow. The arrow barely misses the ogre.
The goblin hits you with a +0 club.
* * * LOW HITPOINT WARNING * * *
The ogre barely misses you.
Fire: b) +0 shortbow
Press: ? - help, Q - select action Shift-Dir - straight line, f/p - ogre
Aim: an ogre, wielding a +0 giant spiked club (moderately wounded, 76% to hit)
You shoot an arrow. The arrow hits the ogre!
The ogre is heavily wounded.
The goblin hits you but does no damage. The ogre barely misses you.
The goblin hits you with a +0 club.
* * * LOW HITPOINT WARNING * * *
Fire: b) +0 shortbow
Press: ? - help, Q - select action Shift-Dir - straight line, f/p - ogre
Aim: an ogre, wielding a +0 giant spiked club (heavily wounded, 76% to hit)
You shoot an arrow. The arrow closely misses the ogre.
The goblin hits you but does no damage.
The ogre hits you with a +0 giant spiked club!!
Ouch! That really hurt!
You die...

#######......#
#.g#.### ###..#.#
#....#)#
###..#.#######
#######.....g....#
........##.#####.#
........##.# #g#
........##.# #@#
........##.# #O#
........##.# #.#
#######.##.# #.#
..##.# #.# ### #.#
#.# #.#


You could see an ogre and a goblin.

Vanquished Creatures
  An ogre (D:3)
  9 adders
  4 worms
  2 dart slugs
  An orc (D:2)
  2 bats (D:2)
  6 endoplasms
  2 giant cockroaches (D:2)
  8 goblins
  2 hobgoblins (D:2)
  3 jackals (D:3)
  5 kobolds
  5 quokkas
  5 ball pythons
  4 frilled lizards
  2 rats
61 creatures vanquished.

Notes
Turn   | Place    | Note
-------+----------+-------------------------------------------
     0 | D:1      | RascalDebosk the Armataur Hunter began the quest for the
                  | Orb.
     0 | D:1      | Reached XP level 1. HP: 18/18 MP: 1/1
   168 | D:1      | Reached XP level 2. HP: 25/25 MP: 2/2
   495 | D:2      | Reached XP level 3. HP: 31/31 MP: 3/3
   849 | D:2      | Reached XP level 4. HP: 39/39 MP: 4/4
  1319 | D:2      | HP: 1/39 [worm (1)]
  1789 | D:3      | Noticed an ogre
  1999 | D:3      | Killed an ogre
  2000 | D:3      | Reached XP level 5. HP: 31/48 MP: 5/5
  2610 | D:4      | Noticed an ogre
  2735 | D:4      | Slain by an ogre

Illustrated notes

Levels and vault maps discovered:
D:1:      ldierk_walled_garden_2, layout_rooms
D:2:      layout_loops_ring, minmay_diced_spiral
D:3:      layout_loops_ring, minmay_misc_feat_columns
D:4:      layout_basic, serial_shops, nicolae_shop_peninsula, uniq_duvessa

Skill      XL: |  1  2  3  4 |
---------------+-------------+-----
Ranged Weapons | 3 |  3.7
Fighting       | 2 3 |  3.2
Stealth        | 2 3 |  3.5
Dodging        | 2 |  2.4
Armour         | |  0.4

Action                     |  1- 3 |  4- 6 || total
---------------------------+-------+-------++-------
   Fire: Shortbow          |    67 |   135 ||   202
    Use: Scroll            |       |     6 ||     6
 Armour: Leather armour    |     5 |    26 ||    31
  Dodge: Dodged            |    12 |    51 ||    63
